 Dungeon Crawl Stone Soup version 0.22-a0-825-ga28c36f (webtiles) character file.

29118 Amnesiac the Geomancer (level 13, -15/79 HPs)
             Began as a Mummy Earth Elementalist on July 24, 2018.
             Was a High Priest of Vehumet.
             Killed from afar by a smoke demon (30 damage)
             ... with a ball of steam
             ... summoned by an orc sorcerer
             ... on level 2 of the Orcish Mines.
             The game lasted 00:28:34 (15018 turns).

Amnesiac the Geomancer (Mummy Earth Elementalist)  Turns: 15018, Time: 00:28:35

Health: -15/79     AC:  9    Str: 12    XL:     13   Next: 13%
Magic:  4/31       EV: 12    Int: 22    God:    Vehumet [*****.]
Gold:   1716       SH:  8    Dex: 12    Spells: 15/41 levels left

rFire    x . .     SeeInvis .   a - +5 whip (elec)
rCold    + . .     Gourm    .   (no shield)
rNeg     + + +     Faith    .   E - +2 robe {Archmagi}
rPois    ∞         Spirit   .   j - +0 helmet
rElec    .         Reflect  +   q - +0 cloak
rCorr    .         Harm     .   n - +0 pair of gloves
MR       +....                  d - +1 pair of boots
Stlth    ++........             A - brooch of Shielding {Reflect SH+8}
HPRegen  0.23/turn              p - ring of flight
MPRegen  0.22/turn              B - +3 ring of intelligence

@: no status effects
A: no food or potions, fire vulnerability, cold resistance 1, negative energy
resistance 3, torment resistance, unbreathing, in touch with death 1
a: Renounce Religion, Evoke Flight


You were on level 2 of the Orcish Mines.
You worshipped Vehumet.
Vehumet was extremely pleased with you.
You were not hungry.

You visited 2 branches of the dungeon, and saw 14 of its levels.
You also visited: Bailey.

You collected 1716 gold pieces.

Inventory:

Hand Weapons
 a - a +5 whip of electrocution (weapon)
Missiles
 e - 38 stones (quivered)
Armour
 d - a +1 pair of boots (worn)
 f - a +0 shield
 j - a +0 helmet (worn)
 n - a +0 pair of gloves (worn)
 q - a +0 cloak (worn)
 E - a +2 robe of the Archmagi (worn)
Magical Staves
 b - an uncursed staff of wizardry
 w - an uncursed staff of death
Jewellery
 p - a ring of flight (left hand)
 t - an uncursed amulet of guardian spirit
 A - the brooch of Shielding (around neck) {Reflect SH+8}
   (You took it off an orc warrior on level 9 of the Dungeon)

   [amulet of reflection]

   It shields you and reflects attacks.
   It affects your SH (+8).
 B - a +3 ring of intelligence (right hand)
Wands
 g - a wand of paralysis (27)
 i - a wand of random effects (23)
 m - a wand of digging (8)
 x - a wand of iceblast (6)
Scrolls
 c - 2 scrolls of blinking {!r}
 h - 3 scrolls of noise {!r}
 k - 3 scrolls of identify {!r}
 o - 5 scrolls of remove curse {!r}
 r - a scroll of magic mapping {!r}
 u - 3 scrolls of teleportation {!r}
 v - a scroll of fog {!r}
 y - a scroll of amnesia {!r}
Miscellaneous
 l - a lightning rod (4/4)


   Skills:
 - Level 2.5 Dodging
 - Level 1.5 Stealth
 + Level 14.9 Spellcasting
 - Level 0.7 Transmutations
 * Level 14.9 Earth Magic


You had 15 spell levels left.
You knew the following spells:

 Your Spells              Type           Power        Failure   Level  Hunger
a - Iron Shot             Conj/Erth      ######....   7%          6    N/A
b - Passwall              Tmut/Erth      ######..     1%          2    N/A
c - Sandblast             Erth           ######       0%          1    N/A
d - Lee's Rapid Deconstr  Erth           #######...   1%          5    N/A
e - Petrify               Tmut/Erth      ######..     1%          4    N/A
f - Bolt of Magma         Conj/Fire/Erth ######....   3%          5    N/A
g - Stone Arrow           Conj/Erth      ######       1%          3    N/A

Your spell library contained the following spells:

 Spells                   Type           Power        Failure   Level  Hunger
 Apportation              Tloc           ###...       3%          1    N/A
 Summon Small Mammal      Summ           ###.         3%          1    N/A
 Animate Skeleton         Necr           N/A          3%          1    N/A
 Regeneration             Chrm/Necr      #####.....   11%         3    N/A
 Sting                    Conj/Pois      ###.         1%          1    N/A
 Blade Hands              Tmut           ####......   58%         5    N/A
 Ice Form                 Ice/Tmut       ####....     30%         4    N/A
 Dragon Form              Tmut           ####......   100%        7    N/A
 Confusing Touch          Hex            ###...       3%          1    N/A
 Shroud of Golubria       Chrm/Tloc      ###.......   5%          2    N/A
 Beastly Appendage        Tmut           ####..       2%          1    N/A
 Infusion                 Chrm           ###.         3%          1    N/A
 Song of Slaying          Chrm           ###.....     5%          2    N/A
 Spectral Weapon          Hex/Chrm       ###.....     11%         3    N/A

Dungeon Overview and Level Annotations

Branches:
Dungeon (12/15)            Temple (0/1) D:6            Lair (0/6) D:9
    Orc (2/2) D:12
    Elf: Orc:2

Altars:
Ashenzari
Elyvilon
Hepliaklqana
Kikubaaqudgha
Ru
Vehumet
Xom
Yredelemnul
Zin
The Shining One

Shops:
D:10 :

Annotations:
Orc:2 sking99's ghost, journeyman OgTm


Innate Abilities, Weirdness & Mutations

You do not eat or drink.
Your flesh is vulnerable to fire.
You are immune to poison.
Your flesh is cold resistant. (rC+)
You are immune to negative energy. (rN+++)
You are immune to unholy pain and torment.
You can survive without breathing.
You are in touch with the powers of death.


Message History

The orc sorcerer shouts!
You hear a shout!
Items here: ))) [[ ÷
Casting: Iron Shot (slightly dangerous; 7% risk of failure)
Confirm with . or Enter, or press ? or * to list all spells.
Aiming: Iron Shot (slightly dangerous; 7% risk of failure)
Press: ? - help, Shift-Dir - straight line, f - orc sorcerer
Aim: an orc sorcerer, wielding a dagger and wearing a robe You feel a surge of power!
The iron shot misses the orc sorcerer.
Casting: Iron Shot (slightly dangerous; 7% risk of failure)
Confirm with . or Enter, or press ? or * to list all spells.
Aiming: Iron Shot (slightly dangerous; 7% risk of failure)
Press: ? - help, Shift-Dir - straight line, f/p - orc sorcerer
Aim: an orc sorcerer, wielding a dagger and wearing a robe You feel a surge of power!
The iron shot misses the orc sorcerer.
Casting: Iron Shot (slightly dangerous; 7% risk of failure)
Confirm with . or Enter, or press ? or * to list all spells.
Aiming: Iron Shot (slightly dangerous; 7% risk of failure)
Press: ? - help, Shift-Dir - straight line, f/p - orc sorcerer
Aim: an orc sorcerer, wielding a dagger and wearing a robe You feel a surge of power!
The iron shot hits the orc sorcerer.
The orc sorcerer is severely wounded.
The orc sorcerer gestures at you while chanting.
You suddenly lose the ability to move!
The orc sorcerer casts a spell.
You hear a shout!
You hear a shout! x3
The orc sorcerer points at you and mumbles some strange words.
You easily resist.
An orc knight comes into view. It is wielding a broad axe.
The orc knight roars a battlecry!
The orc sorcerer goes into a battle-frenzy!
You hear a shout!
The orc sorcerer gestures wildly while chanting.
The orc sorcerer hits you with a dagger.
The smoke demon hits you but does no damage.
The smoke demon hits you.
The smoke demon hits you but does no damage.
You can move again.
Unknown command.
Unknown command.
Evoke which item? (* to show all) (? for menu, Esc to quit)
Aiming: Iceblast
Press: ? - help, Shift-Dir - straight line, p - orc sorcerer The mass of ice explodes!
The iceblast engulfs the orc sorcerer.
The orc sorcerer is almost dead.
The iceblast engulfs the orange demon.
The orange demon is lightly wounded.
The orc sorcerer casts a spell at you. The bolt of fire misses you.
The smoke demon barely misses you. You block the smoke demon's attack.
The smoke demon hits you. The orange demon stings you from afar.
Evoke which item? (* to show all) (? for menu, Esc to quit)
Aiming: Iceblast
Press: ? - help, Shift-Dir - straight line, f - orc knight
Aim: an orc knight, wielding a broad axe and wearing a chain mail The mass of ice explodes!
The iceblast engulfs the orc knight.
The orc knight is lightly wounded.
The orc sorcerer gestures at you while chanting.
The bolt of fire hits you! The fire burns you terribly!
Ouch! That really hurt!
* * * LOW HITPOINT WARNING * * *
The smoke demon gestures at you. The ball of steam hits you!
The steam scalds you terribly!
You die...

...### ÷o..## .....##
o4÷.## ......# ....#
...#.## .÷.##
..######### #.).#
....##.##.## ##...#
......).).)## ###....#
..#.....#..)#####)o...##
.##....##...))).@o4..##
####.###.÷.......3..##
..#### ##.........###
....# #........## #....
##.......# .....
###.#....# ....#
#...##.## ..#.. ##.#####
.#.


You could see an orc knight, an orange demon, a smoke demon and an orc sorcerer.

Vanquished Creatures
  A catoblepas (D:9)
  Erolcha (Orc:1)
  10 two-headed ogres
  A death knight (D:11)
  An orc high priest (Orc:2)
  The ghost of Deathmic the Spear-Bearer, a novice MiFi (D:8)
  An unseen horror (D:11)
  3 orc knights
  A phantasmal warrior (D:12)
  An ugly thing (D:11)
  An orc sorcerer (Orc:2)
  A cyclops (D:11)
  A gargoyle (D:10)
  4 trolls
  4 hippogriffs
  Sigmund (D:6)
  A shadow (D:11)
  3 wyverns
  12 yaks
  Menkaure (D:5)
  A warg (Orc:1)
  A soldier ant (D:11)
  30 orc warriors
  2 black bears
  2 ice beasts
  4 sky beasts
  3 phantoms
  26 ogres
  3 centaurs
  A crocodile (D:10)
  3 big kobolds
  11 bullfrogs
  A scorpion (D:8)
  9 killer bees
  3 wights (D:6)
  3 howler monkeys
  2 electric eels (D:11)
  4 crimson imps
  A bullfrog zombie (D:9)
  4 centaur zombies
  2 quasits
  19 orc priests
  4 centaur skeletons
  2 hounds (D:9)
  26 orc wizards
  Crazy Yiuf (D:6)
  2 bullfrog skeletons
  2 jellies
  An iguana (D:6)
  8 worker ants
  A hound zombie (D:7)
  A hound skeleton (D:7)
  2 worker ant zombies
  4 gnolls (D:8)
  15 adders
  A shadow imp (D:6)
  An ooze (D:1)
  An adder zombie (D:7)
  3 adder skeletons
  2 worms
  4 dart slugs
  3 leopard geckos
  86 orcs
  9 bats
  6 giant cockroaches
  11 goblins
  7 hobgoblins
  9 jackals
  24 kobolds
  2 quokkas
  3 ball pythons
  A ball python skeleton (D:5)
  8 frilled lizards
  A giant cockroach zombie (D:5)
  2 gnoll zombies (D:7)
  A jackal skeleton (D:6)
  A leopard gecko zombie (D:5)
  2 quokka skeletons
  6 rats
448 creatures vanquished.

Vanquished Creatures (others)
  A cyclops (Orc:1)
  A wight (D:6)
  A howler monkey (D:5)
  An orc wizard (Orc:2)
  An orc priest (Orc:2)
  An adder skeleton (D:7)
  3 orcs
  2 giant cockroaches
11 creatures vanquished.

Grand Total: 459 creatures vanquished

Notes
Turn   | Place    | Note
-------+----------+-------------------------------------------
     0 | D:1      | Amnesiac the Mummy Earth Elementalist began the quest for the Orb.
     0 | D:1      | Reached XP level 1. HP: 13/13 MP: 4/4
    34 | D:2      | Reached XP level 2. HP: 18/19 MP: 2/5
   305 | D:3      | Reached XP level 3. HP: 24/24 MP: 3/7
   314 | D:3      | Reached XP level 4. HP: 26/30 MP: 1/9
   354 | D:3      | Learned a level 2 spell: Passwall
   361 | D:3      | Learned a level 3 spell: Stone Arrow
   366 | D:3      | Learned a level 4 spell: Petrify
   524 | D:3      | Reached XP level 5. HP: 18/35 MP: 11/11
   656 | D:3      | Found an ancient bone altar of Kikubaaqudgha.
   692 | D:3      | Found a glowing silver altar of Zin.
   887 | D:4      | Noticed an ogre
   894 | D:4      | Killed an ogre
   894 | D:4      | Reached skill level 5 in Earth Magic
   894 | D:4      | Reached XP level 6. HP: 41/41 MP: 7/13
   984 | D:5      | Entered Level 5 of the Dungeon
  1087 | D:4      | Reached skill level 5 in Spellcasting
  1088 | D:4      | Noticed a sky beast
  1096 | D:4      | Killed a sky beast
  1551 | D:4      | Found an opulent altar of Gozag.
  1553 | D:4      | Found a bloodstained altar of Trog.
  1553 | D:4      | Found an opulent altar of Gozag.
  1555 | D:4      | Reached XP level 7. HP: 46/46 MP: 12/15
  1558 | D:4      | Found a shimmering altar of Xom.
  1558 | D:4      | Found a shimmering altar of Xom.
  1558 | D:4      | Found a blossoming altar of Fedhas.
  1982 | D:5      | Found a shattered altar of Ashenzari.
  2048 | D:5      | Found a sacrificial altar of Ru.
  2578 | D:5      | Noticed Menkaure
  2585 | D:5      | Killed Menkaure
  2697 | D:5      | Identified the Incunabulum of Intoxication and Shape Shifting
  2715 | D:5      | Learned a level 5 spell: Lee's Rapid Deconstruction
  3014 | D:6      | Found a glowing silver altar of Zin.
  3315 | D:6      | Reached XP level 8. HP: 45/52 MP: 13/18
  3730 | D:6      | Noticed Sigmund
  3805 | D:6      | Killed Sigmund
  3877 | D:6      | Found a radiant altar of Vehumet.
  3877 | D:6      | Found a glowing golden altar of the Shining One.
  3889 | D:6      | Became a worshipper of Vehumet
  3913 | D:6      | Found a staircase to the Ecumenical Temple.
  4133 | D:1      | Reached * piety under Vehumet
  4133 | D:1      | Offered knowledge of Freeze by Vehumet.
  4447 | D:1      | You fall through a shaft!
  4447 | D:2      | Found a hazy altar of Hepliaklqana.
  5152 | D:1      | Reached ** piety under Vehumet
  5152 | D:1      | Offered knowledge of Magic Dart by Vehumet.
  5956 | D:6      | Found a runed door.
  6353 | D:6      | Noticed Crazy Yiuf
  6354 | D:6      | Killed Crazy Yiuf
  6393 | D:7      | Reached XP level 9. HP: 54/57 MP: 14/21
  6413 | D:7      | Offered knowledge of Ignite Poison by Vehumet.
  6457 | D:7      | Reached *** piety under Vehumet
  6694 | D:7      | Found a basalt altar of Yredelemnul.
  7066 | D:7      | Offered knowledge of Throw Icicle by Vehumet.
  7377 | D:7      | Reached skill level 10 in Earth Magic
  7564 | D:8      | Reached skill level 10 in Spellcasting
  7618 | D:8      | Noticed a two-headed ogre
  7625 | D:8      | Killed a two-headed ogre
  7625 | D:8      | Reached XP level 10. HP: 63/63 MP: 4/24
  7803 | D:8      | Found a white marble altar of Elyvilon.
  7824 | D:8      | Reached **** piety under Vehumet
  7953 | D:8      | Offered knowledge of Bolt of Magma by Vehumet.
  7962 | D:8      | Learned a level 5 spell: Bolt of Magma
  8113 | D:8      | Noticed a two-headed ogre
  8122 | D:8      | Killed a two-headed ogre
  8243 | D:8      | Found a runed gate.
  8243 | D:8      | Found a runed gate.
  8244 | D:8      | Found a runed gate.
  8543 | D:8      | Noticed Deathmic's ghost (novice MiFi)
  8577 | D:8      | Killed Deathmic's ghost
  8778 | D:9      | Noticed a two-headed ogre
  8796 | D:9      | Killed a two-headed ogre
  8924 | D:9      | Noticed a catoblepas
  9013 | D:9      | Found a staircase to the Lair.
  9145 | D:9      | Found a white marble altar of Elyvilon.
  9231 | D:9      | Reached XP level 11. HP: 60/68 MP: 24/26
  9618 | D:9      | Killed a catoblepas
  9796 | D:10     | Entered Level 10 of the Dungeon
 10145 | D:10     | Found Hamadub's Book Boutique.
 10593 | D:11     | Reached ***** piety under Vehumet
 10622 | D:11     | Offered knowledge of Iron Shot by Vehumet.
 10782 | D:11     | Killed an unseen horror
 10990 | D:11     | Noticed a brown ugly thing
 10998 | D:11     | Noticed a two-headed ogre
 11045 | D:11     | Learned a level 6 spell: Iron Shot
 11090 | D:11     | Got an iridescent dagger
 11093 | D:11     | Identified the +5 dagger of Deformation {protect, *Contam rN++ Str+8 Dex-4} (You found it on level 11 of the Dungeon)
 11315 | D:11     | Killed a brown ugly thing
 11357 | D:11     | Killed a two-headed ogre
 11497 | D:12     | Found a staircase to the Orcish Mines.
 11520 | D:12     | Noticed a phantasmal warrior
 11534 | D:12     | Killed a phantasmal warrior
 11534 | D:12     | Reached XP level 12. HP: 58/74 MP: 7/29
 11537 | D:12     | Noticed a death knight
 11647 | D:12     | Found a flagged portal.
 11781 | Bailey   | Entered a bailey
 11876 | Bailey   | Offered knowledge of Airstrike by Vehumet.
 12303 | Bailey   | Found a roughly hewn altar of Beogh.
 12314 | Bailey   | Got a jewelled executioner's axe
 12618 | D:11     | Killed a death knight
 12737 | Orc:1    | Entered Level 1 of the Orcish Mines
 13187 | Orc:1    | Noticed a two-headed ogre
 13187 | Orc:1    | Noticed a two-headed ogre
 13187 | Orc:1    | Noticed a two-headed ogre
 13193 | Orc:1    | Killed a two-headed ogre
 13193 | Orc:1    | Killed a two-headed ogre
 13194 | Orc:1    | Killed a two-headed ogre
 13199 | Orc:1    | Noticed a two-headed ogre
 13222 | Orc:1    | Killed a two-headed ogre
 13332 | Orc:1    | Noticed a two-headed ogre
 13338 | Orc:1    | Killed a two-headed ogre
 13339 | Orc:1    | Killed a two-headed ogre
 13376 | Orc:1    | Identified the +7 executioner's axe of Conformity {elec, MR+ MP+9 Int+3} (You found it in a bailey)
 13391 | Orc:1    | Noticed Erolcha
 13393 | Orc:1    | Killed Erolcha
 13563 | Orc:2    | Entered Level 2 of the Orcish Mines
 13713 | Orc:2    | Found a runed door.
 13714 | Orc:2    | Found a shimmering altar of Xom.
 13714 | Orc:2    | Noticed sking99's ghost (journeyman OgTm)
 14195 | Orc:1    | Gained mutation: You are in touch with the powers of death. [Mummy growth]
 14195 | Orc:1    | Reached XP level 13. HP: 71/79 MP: 25/31
 15010 | Orc:2    | Paralysed by an orc sorcerer for 7 turns
 15018 | Orc:2    | Killed from afar by a smoke demon

Vault maps used:
D:1:      tarquinn_simple_flora_water_f
D:2:      lemuel_round_altar, minmay_misc_feat_enclosed
D:3:      old_standard_altar, old_standard_altar
D:4:      first_ration, doesnt_xom_only_xom
D:5:      kennysheep_little_box, ashenzari_altar_1, uniq_menkaure
D:6:      chequers_temple_overflow_statue_of_worship, temple_green,
          lemuel_statue_altar, uniq_crazy_yiuf_cottage, uniq_sigmund
D:7:      lemuel_zombie_altar_yredelemnul, grunt_ministairs_3, grunt_ogre_cave
D:8:      ebering_ghost_rock_garden, elyvilon_altar_1
D:9:      lemuel_doored_altar, dpeg_oklobed_lair, minmay_pinched_square
D:10:     serial_shops, nicolae_shop_trees
D:11:     kennysheep_generic_room_4
D:12:     serial_shops, shop, enter_bailey_2, uniq_psyche
Orc:1:    lemuel_ogre_cave
Orc:2:    grunt_orc_tribal_feast, ebering_ghost_xom
Bailey:   bailey_polearm_2, bailey

Skill      XL: |  1  2  3  4  5  6  7  8  9 10 11 12 |
---------------+-------------------------------------+-----
Earth Magic    | 3 4 5 6 8 10 11 13 14 | 14.9
Spellcasting   | 3 4 5 6 8 10 11 13 14 | 14.9
Dodging        | 2 |  2.5
Stealth        | |  1.5
Transmutations | |  0.7

Action                   |  1- 3 |  4- 6 |  7- 9 | 10-12 | 13-15 || total
-------------------------+-------+-------+-------+-------+-------++-------
Melee: Unarmed           |    20 |       |       |       |       ||    20
       Trident           |       |    59 |       |       |       ||    59
       Dagger            |       |       |   196 |    31 |       ||   227
       Whip              |       |       |       |   330 |    39 ||   369
       Staff             |       |       |       |     4 |       ||     4
 Fire: Hunting sling     |    10 |    49 |     5 |       |       ||    64
 Cast: Sandblast         |    20 |    26 |   146 |   104 |     3 ||   299
       Passwall          |       |       |     2 |     8 |       ||    10
       Petrify           |       |       |     4 |     4 |       ||     8
       Lee's Rapid Decon |       |       |    18 |   108 |    11 ||   137
       Bolt of Magma     |       |       |       |     4 |       ||     4
       Stone Arrow       |       |       |       |     1 |       ||     1
       Iron Shot         |       |       |       |    25 |    18 ||    43
Evoke: Wand              |       |       |       |     9 |     2 ||    11
  Use: Scroll            |     3 |       |    12 |    10 |       ||    25
 Stab: Sleeping          |       |     1 |     1 |     1 |       ||     3
       Distracted        |       |     1 |       |       |       ||     1
       Petrified         |       |       |     4 |    11 |       ||    15
       Petrifying        |       |       |     2 |       |       ||     2
       Paralysed         |       |       |       |    15 |       ||    15
Armor: Robe              |    12 |    23 |    66 |   109 |    16 ||   226
Dodge: Dodged            |    31 |    57 |   156 |   228 |    21 ||   493
Block: Other             |       |       |       |    61 |    16 ||    77
       Reflection        |       |       |       |     7 |       ||     7

Table legend:
 A = Spawn XP
 B = Non-spawn XP
 C = Spawn XP percentage of total XP
 D = Spawn monster count
 E = Non-spawn monster count
 F = Spawn count percentage of total count
 G = Total turns spent on level
                    A         B        C        D         E        F      G
               +---------+---------+-------+---------+---------+-------+---------
         Total |       0 |   41598 |   0.0 |       0 |     456 |   0.0 | 15018
               +---------+---------+-------+---------+---------+-------+---------
           D:1 |       0 |      56 |   0.0 |       0 |      28 |   0.0 |   701
           D:2 |       0 |      79 |   0.0 |       0 |      22 |   0.0 |   797
           D:3 |       0 |     229 |   0.0 |       0 |      30 |   0.0 |   833
           D:4 |       0 |     542 |   0.0 |       0 |      19 |   0.0 |  1292
           D:5 |       0 |     438 |   0.0 |       0 |      17 |   0.0 |  1283
           D:6 |       0 |    1377 |   0.0 |       0 |      43 |   0.0 |  1476
           D:7 |       0 |    2230 |   0.0 |       0 |      45 |   0.0 |  1107
           D:8 |       0 |    3932 |   0.0 |       0 |      32 |   0.0 |  1246
           D:9 |       0 |    3209 |   0.0 |       0 |      25 |   0.0 |  1061
          D:10 |       0 |    1744 |   0.0 |       0 |      19 |   0.0 |   683
          D:11 |       0 |    8043 |   0.0 |       0 |      51 |   0.0 |  1399
          D:12 |       0 |    1971 |   0.0 |       0 |       9 |   0.0 |   226
         Orc:1 |       0 |   10628 |   0.0 |       0 |      51 |   0.0 |  1201
         Orc:2 |       0 |    4818 |   0.0 |       0 |      39 |   0.0 |  1080
        Bailey |       0 |    2302 |   0.0 |       0 |      26 |   0.0 |   633
               +---------+---------+-------+---------+---------+-------+---------
